[Event "5th EKA IIFL Investment 2019"]
[Site "Mumbai"]
[Date "2020.01.06"]
[Round "8.21"]
[White "Debashis, Das"]
[Black "Pranesh M"]
[Result "1-0"]
[ECO "D44"]
[WhiteElo "2523"]
[BlackElo "2317"]
[Annotator "RC"]
[PlyCount "101"]
[EventDate "2019.12.30"]
[EventType "swiss"]
[EventCountry "IND"]
[SourceTitle "playchess.com"]
[Source "ChessBase"]
[SourceQuality "1"]
[TimeControl "40/5400+30:1800+30"]

1. d4 Nf6 2. c4 e6 3. Nf3 d5 4. Nc3 c6 5. Bg5 dxc4 6. e4 b5 7. e5 h6 8. Bh4 g5 9. Bg3 Nd5 10. Be2 Nd7 11. Nd2 Qa5 12. O-O Nxc3 13. bxc3 Qxc3 14. Ne4 Qa3 15. Bh5 Be7 16. Kh1 Bb7 17. Qg4 O-O-O 18. Bxf7 h5 19. Bxh5 Rxh5 20. Qxh5 c5 21. d5 Bxd5 22. Nf6 Bxf6 23. exf6 Nxf6 24. Qf7 Nd7 25. Qe7 Qa6 26. Qxg5 Qc6 27. f3 Nb6 28. h4 b4 29. Be5 Rf8 30. Bg7 Rf5 31. Qg6 Qc7 32. h5 Qd8 33. h6 Qh4+ 34. Kg1 Rh5 35. Qg4 Qh2+ 36. Kf2 Rxh6 37. Bxh6 Qxh6 38. Rh1 Qf6 39. Rh7 Nd7 40. Rd1 Qb2+ 41. Kg1 Qe5 42. f4 Qe3+ 43. Kh1 Qe4 44. Qg7 Kb8 45. f5 c3 46. fxe6 Bxe6 47. Rxd7 Bxd7 48. Qxd7 Qe1+ 49. Kh2 Qe5+ 50. Kh3 Qe3+ 51. g3 1-0

[Event "5th EKA IIFL Investment 2019"]
[Site "Mumbai"]
[Date "2020.01.06"]
[Round "8.22"]
[White "Lugovskoy, Maxim"]
[Black "Girinath, P.D.S."]
[Result "0-1"]
[ECO "A80"]
[WhiteElo "2466"]
[BlackElo "2330"]
[Annotator "RC"]
[PlyCount "82"]
[EventDate "2019.12.30"]
[EventType "swiss"]
[EventCountry "IND"]
[SourceTitle "playchess.com"]
[Source "ChessBase"]
[SourceQuality "1"]
[TimeControl "40/5400+30:1800+30"]

1. d4 f5 2. g4 fxg4 3. e4 d5 4. Nc3 dxe4 5. Bg2 Nf6 6. Nxe4 Nc6 7. Ne2 e5 8. Be3 Be7 9. Qd3 Nd5 10. O-O-O Nxe3 11. Qxe3 O-O 12. dxe5 Qe8 13. h3 Nxe5 14. hxg4 Bxg4 15. f4 Bxe2 16. Qxe2 Rxf4 17. Qe3 Ng6 18. Qb3+ Kh8 19. Kb1 Rd8 20. Rde1 Bh4 21. Re3 Qc6 22. a3 Qb6 23. Qc3 c6 24. Rd3 Rxd3 25. Qxd3 Qd8 26. Nd6 Qf8 27. Nxb7 c5 28. Qd5 Rf5 29. Qc4 Rf4 30. Qd5 Rf5 31. Qd1 Qe7 32. Nd6 Re5 33. Ka2 Qe6+ 34. c4 Be7 35. Nb7 Qxc4+ 36. Ka1 Qe2 37. Qg1 Re3 38. Qf1 Bf6 39. Qc1 Rxa3+ 40. Kb1 Qd3+ 41. Qc2 Ra1+ 0-1

[Event "5th EKA IIFL Investment 2019"]
[Site "Mumbai"]
[Date "2020.01.06"]
[Round "8.23"]
[White "Shailesh, Dravid"]
[Black "Nguyen, Van Huy"]
[Result "0-1"]
[ECO "B12"]
[WhiteElo "2311"]
[BlackElo "2457"]
[Annotator "RC"]
[PlyCount "84"]
[EventDate "2019.12.30"]
[EventType "swiss"]
[EventCountry "IND"]
[SourceTitle "playchess.com"]
[Source "ChessBase"]
[SourceQuality "1"]
[TimeControl "40/5400+30:1800+30"]

1. e4 c6 2. d4 d5 3. e5 Bf5 4. Nc3 e6 5. g4 Bg6 6. Nge2 f6 7. h4 Nd7 8. h5 Bf7 9. f4 c5 10. Bg2 Ne7 11. h6 gxh6 12. exf6 Nxf6 13. g5 Nd7 14. dxc5 Nf5 15. Nd4 Nxd4 16. Qxd4 Rg8 17. Qa4 hxg5 18. fxg5 Rxg5 19. Bxg5 Qxg5 20. c6 bxc6 21. Qxc6 Rd8 22. Bf3 Qg3+ 23. Ke2 Qe5+ 24. Kf1 Qf5 25. Kg2 Qxc2+ 26. Kh3 Qf5+ 27. Kg2 Bc5 28. Rae1 Qg5+ 29. Kh3 Qh6+ 30. Kg2 Qg6+ 31. Kh3 Bf2 32. Qc7 e5 33. Rxe5+ Nxe5 34. Qxe5+ Kf8 35. Rf1 Re8 36. Qh8+ Ke7 37. Qe5+ Kf8 38. Qh8+ Ke7 39. Qe5+ Kd7 40. Qf4 Be6+ 41. Kh2 Rg8 42. Qa4+ Kd8 0-1

[Event "5th EKA IIFL Investment 2019"]
[Site "Mumbai"]
[Date "2020.01.06"]
[Round "8.24"]
[White "Koustav Chatterjee"]
[Black "Pranav, Anand"]
[Result "1-0"]
[ECO "A46"]
[WhiteElo "2447"]
[BlackElo "2309"]
[Annotator "RC"]
[PlyCount "71"]
[EventDate "2019.12.30"]
[EventType "swiss"]
[EventCountry "IND"]
[SourceTitle "playchess.com"]
[Source "ChessBase"]
[SourceQuality "1"]
[TimeControl "40/5400+30:1800+30"]

1. d4 Nf6 2. Nf3 e6 3. g3 d5 4. Bg2 b5 5. O-O Be7 6. a4 b4 7. c4 bxc3 8. Nxc3 a5 9. Bf4 O-O 10. Rc1 c6 11. Nb1 Qb6 12. Nbd2 Nfd7 13. Nb3 Na6 14. e4 Bb7 15. Ne5 Nxe5 16. Bxe5 Kh8 17. Rc3 Bb4 18. Rc1 Be7 19. h4 Rfd8 20. Rc3 f6 21. Bf4 dxe4 22. Bxe4 c5 23. Bxb7 Qxb7 24. Nxa5 Qxb2 25. Qf3 Nb4 26. Nc4 Qa2 27. Nb6 Ra7 28. dxc5 Nd5 29. Nxd5 exd5 30. c6 d4 31. Rb3 Qxa4 32. c7 Rc8 33. Rb8 Ra8 34. Qxa8 Qxa8 35. Rxa8 Rxa8 36. Ra1 1-0

[Event "5th EKA IIFL Investment 2019"]
[Site "Mumbai"]
[Date "2020.01.06"]
[Round "8.25"]
[White "Saravana, Krishnan P."]
[Black "Khusenkhojaev, Muhammad"]
[Result "1/2-1/2"]
[ECO "E30"]
[WhiteElo "2304"]
[BlackElo "2427"]
[Annotator "RC"]
[PlyCount "64"]
[EventDate "2019.12.30"]
[EventType "swiss"]
[EventCountry "IND"]
[SourceTitle "playchess.com"]
[Source "ChessBase"]
[SourceQuality "1"]
[TimeControl "40/5400+30:1800+30"]

1. d4 Nf6 2. c4 e6 3. Nc3 Bb4 4. Bg5 h6 5. Bh4 b6 6. f3 Bxc3+ 7. bxc3 d6 8. e4 e5 9. dxe5 dxe5 10. Qxd8+ Kxd8 11. c5 Ba6 12. Ne2 Nbd7 13. O-O-O Kc8 14. c6 Nb8 15. Bxf6 gxf6 16. g4 Rd8 17. Rxd8+ Kxd8 18. Ng3 Bxf1 19. Rxf1 Nxc6 20. Nf5 Kd7 21. Rd1+ Ke6 22. Ng7+ Ke7 23. Nf5+ Ke6 24. Rd2 Rh8 25. Ng7+ Ke7 26. Nf5+ Ke6 27. Kd1 Na5 28. Ng7+ Ke7 29. Nf5+ Ke6 30. Ng7+ Ke7 31. Nf5+ Ke6 32. Ng7+ Ke7 1/2-1/2

[Event "5th EKA IIFL Investment 2019"]
[Site "Mumbai"]
[Date "2020.01.06"]
[Round "8.26"]
[White "Mohammad Nubairshah Shaikh"]
[Black "Srihari, L R"]
[Result "1/2-1/2"]
[ECO "A04"]
[WhiteElo "2428"]
[BlackElo "2271"]
[Annotator "ChessBase"]
[PlyCount "90"]
[EventDate "2019.12.30"]
[EventType "swiss"]
[EventCountry "IND"]
[SourceTitle "playchess.com"]
[Source "ChessBase"]
[SourceQuality "1"]
[TimeControl "40/5400+30:1800+30"]

1. Nf3 f5 2. c4 Nf6 3. Nc3 d6 4. d4 e6 5. Qc2 Be7 6. g3 O-O 7. Bg2 a5 8. O-O Nc6 9. Rd1 Qe8 10. a3 e5 11. dxe5 dxe5 12. Nd5 Bd8 13. Bg5 Qf7 14. e3 e4 15. Bxf6 Bxf6 16. Nxf6+ Qxf6 17. Nd4 Ne5 18. c5 Be6 19. Nxe6 Qxe6 20. Rd4 Nc6 21. Rd2 Rfd8 22. Rad1 Rxd2 23. Rxd2 Rd8 24. Rxd8+ Nxd8 25. Bf1 Kf8 26. Bc4 Qd7 27. Bb3 Ne6 28. Qc4 Ke7 29. g4 g6 30. gxf5 gxf5 31. Kg2 Qc6 32. Kg3 Ng5 33. h4 Ne6 34. Ba2 b5 35. cxb6 Qxc4 36. Bxc4 cxb6 37. b4 axb4 38. axb4 Kf6 39. f3 exf3 40. Kxf3 Ng7 41. Bg8 h6 42. Bb3 Ke5 43. Bf7 Kf6 44. Bb3 Ke5 45. Bf7 Kf6 {[%emt 0:00:04] Ke4 Ke5+} 1/2-1/2

[Event "5th EKA IIFL Investment 2019"]
[Site "Mumbai"]
[Date "2020.01.06"]
[Round "8.27"]
[White "Nitish Belurkar"]
[Black "Sundararajan, Kidambi"]
[Result "1/2-1/2"]
[ECO "B00"]
[WhiteElo "2294"]
[BlackElo "2414"]
[Annotator "ChessBase"]
[PlyCount "96"]
[EventDate "2019.12.30"]
[EventType "swiss"]
[EventCountry "IND"]
[SourceTitle "playchess.com"]
[Source "ChessBase"]
[SourceQuality "1"]
[TimeControl "40/5400+30:1800+30"]

1. e4 Nc6 2. Nf3 d6 3. d4 Nf6 4. Nc3 g6 5. Be2 Bg7 6. O-O O-O 7. h3 a6 8. a4 b6 9. Bg5 h6 10. Be3 e5 11. Qd2 exd4 12. Nxd4 Nxd4 13. Bxd4 Bb7 14. Rad1 Re8 15. Bf3 Rb8 16. Rfe1 Nh7 17. Bxg7 Kxg7 18. g3 Qg5 19. Bg2 Qxd2 20. Rxd2 Nf6 21. f4 Nh7 22. Kf2 Nf8 23. b3 g5 24. h4 Ne6 25. hxg5 hxg5 26. e5 Bxg2 27. Kxg2 gxf4 28. exd6 cxd6 29. Rf1 fxg3 30. Rxd6 Red8 31. Rxd8 Rxd8 32. Kxg3 Rc8 33. Nd5 Rxc2 34. Nxb6 Rb2 35. Rf3 Nd4 36. Nc4 Rxb3 37. Rxb3 Nxb3 38. Kf4 Kf6 39. Ne5 Nc5 40. a5 Ke6 41. Nc6 Nd3+ 42. Ke4 Kd6 43. Nb8 Nb4 44. Kf5 Kc7 45. Nxa6+ Nxa6 46. Kf6 Kc6 47. Kxf7 Kb5 48. Kf6 Kxa5 1/2-1/2

[Event "5th EKA IIFL Investment 2019"]
[Site "Mumbai"]
[Date "2020.01.06"]
[Round "8.28"]
[White "Zysk, Robert"]
[Black "Harshad S"]
[Result "1/2-1/2"]
[ECO "A06"]
[WhiteElo "2403"]
[BlackElo "2314"]
[Annotator "RC"]
[PlyCount "154"]
[EventDate "2019.12.30"]
[EventType "swiss"]
[EventCountry "IND"]
[SourceTitle "playchess.com"]
[Source "ChessBase"]
[SourceQuality "1"]
[TimeControl "40/5400+30:1800+30"]

1. Nf3 d5 2. g3 Nf6 3. Bg2 c6 4. b3 h6 5. Bb2 Bf5 6. d3 e6 7. Nbd2 Bh7 8. O-O Be7 9. e4 O-O 10. Qe2 dxe4 11. dxe4 c5 12. e5 Nfd7 13. Nc4 Qc7 14. Rfd1 Nc6 15. Rd2 Rad8 16. Rad1 a6 17. h4 Nb6 18. Nd6 Nc8 19. Nxc8 Qxc8 20. Ne1 Rxd2 21. Rxd2 Rd8 22. Rxd8+ Nxd8 23. Be4 Bxe4 24. Qxe4 Nc6 25. a3 b6 26. Nd3 Na5 27. Nf4 Qc6 28. Qe2 b5 29. Bc1 Bf8 30. Nh5 Kh8 31. Bd2 Nb7 32. c4 bxc4 33. bxc4 Qa4 34. Qf3 Nd8 35. Nf4 Kg8 36. Qd3 Nc6 37. Qe4 Qd1+ 38. Be1 Nd4 39. Kg2 Qc1 40. Ba5 Qxc4 41. Qa8 Qa4 42. Bc3 Qxa3 43. Bxd4 cxd4 44. Qe4 Qc5 45. g4 a5 46. g5 hxg5 47. hxg5 g6 48. Nxe6 Qe7 49. Nxf8 Qxg5+ 50. Kf1 Qc1+ 51. Kg2 Kxf8 52. Qxd4 Qc6+ 53. Kg3 a4 54. e6 fxe6 55. Qf6+ Ke8 56. Qxg6+ Kd7 57. Qg7+ Kc8 58. Qf8+ Kb7 59. Qb4+ Ka6 60. f4 Qd7 61. Qc4+ Kb6 62. Qb4+ Kc7 63. Qa5+ Kd6 64. Qb4+ Kd5 65. Qd2+ Kc6 66. Qc3+ Kb5 67. Qb2+ Ka5 68. Qc3+ Kb5 69. Qb2+ Ka6 70. Qe2+ Ka5 71. Qe1+ Kb5 72. Qe2+ Kb4 73. Qb2+ Kc4 74. Qc2+ Kb4 75. Qb2+ Ka5 76. Qc3+ Kb5 77. Qb2+ Ka5 1/2-1/2

[Event "5th EKA IIFL Investment 2019"]
[Site "Mumbai"]
[Date "2020.01.06"]
[Round "8.29"]
[White "Luong, Phuong Hanh"]
[Black "Moksh Amit Doshi"]
[Result "1/2-1/2"]
[ECO "A49"]
[WhiteElo "2256"]
[BlackElo "2399"]
[Annotator "ChessBase"]
[PlyCount "166"]
[EventDate "2019.12.30"]
[EventType "swiss"]
[EventCountry "IND"]
[SourceTitle "playchess.com"]
[Source "ChessBase"]
[SourceQuality "1"]
[TimeControl "40/5400+30:1800+30"]

1. d4 Nf6 2. Nf3 g6 3. g3 b6 4. Bg2 Bb7 5. O-O Bg7 6. c4 O-O 7. d5 e6 8. Nc3 exd5 9. cxd5 Re8 10. Nd4 Na6 11. e4 c6 12. dxc6 dxc6 13. e5 Nd5 14. Nxc6 Bxc6 15. Nxd5 Rxe5 16. Ne7+ Qxe7 17. Bxc6 Rd8 18. Qf3 Nb4 19. Ba4 Rf5 20. Qe3 Re5 21. Qf3 Nd3 22. Be3 Nxb2 23. Bb3 Rf5 24. Qg2 Bd4 25. Bxd4 Rxd4 26. Rae1 Qd8 27. Qc6 Rd7 28. Re3 Nd3 29. Ba4 Rfd5 30. a3 Nc5 31. Rfe1 Kg7 32. Re8 Qc7 33. R1e7 Rd1+ 34. Kg2 Rxe7 35. Qxc7 Rxc7 36. Bxd1 Rd7 37. Be2 Rd2 38. Re3 f5 39. Kf1 Kf6 40. h4 Rc2 41. Bf3 Rd2 42. Be2 Ne4 43. g4 h6 44. h5 gxh5 45. gxf5 Nc5 46. Rh3 Ra2 47. Bc4 Ra1+ 48. Kg2 Kxf5 49. Rxh5+ Ke4 50. Rh3 Kd4 51. Bb5 Ne4 52. a4 Ra2 53. Rf3 Nc5 54. Rf4+ Kc3 55. Rh4 a6 56. Rh3+ Kb4 57. Rh4+ Ka5 58. Bc6 Nxa4 59. Rxh6 b5 60. Kg3 b4 61. f4 Nc3 62. f5 b3 63. f6 b2 64. Rh1 Ra1 65. f7 Rxh1 66. Bxh1 b1=Q 67. f8=Q Qxh1 68. Qd8+ Ka4 69. Qd4+ Kb3 70. Qb6+ Kc2 71. Qxa6 Qg1+ 72. Kf3 Qd1+ 73. Kg2 Qd2+ 74. Kf3 Qd5+ 75. Kg4 Kd2 76. Qh6+ Kd3 77. Qa6+ Ke3 78. Qh6+ Kd3 79. Qa6+ Nb5 80. Qg6+ Kc4 81. Qf5 Qd8 82. Qf1+ Kc5 83. Qf5+ Qd5 1/2-1/2

[Event "5th EKA IIFL Investment 2019"]
[Site "Mumbai"]
[Date "2020.01.06"]
[Round "8.30"]
[White "Utsab Chatterjee"]
[Black "Neelash Saha"]
[Result "0-1"]
[ECO "B60"]
[WhiteElo "2200"]
[BlackElo "2356"]
[Annotator "ChessBase"]
[PlyCount "88"]
[EventDate "2019.12.30"]
[EventType "swiss"]
[EventCountry "IND"]
[SourceTitle "playchess.com"]
[Source "ChessBase"]
[SourceQuality "1"]
[TimeControl "40/5400+30:1800+30"]

1. e4 c5 2. Nf3 d6 3. d4 cxd4 4. Nxd4 Nf6 5. Nc3 Nc6 6. Bg5 Bd7 7. Nb3 a6 8. f4 e6 9. Qe2 Qc7 10. O-O-O Be7 11. g4 h6 12. Bh4 g5 13. fxg5 Nh7 14. Bg3 hxg5 15. Nc5 Nf8 16. Qf2 Ne5 17. Nxd7 Nfxd7 18. Be2 Ng6 19. e5 dxe5 20. Bd3 Nf4 21. h4 gxh4 22. Bxh4 Bxh4 23. Rxh4 O-O-O 24. Be4 Nc5 25. Rxh8 Rxh8 26. Bf3 Kb8 27. Qd2 Rc8 28. Kb1 f5 29. gxf5 exf5 30. Nd5 Nxd5 31. Qxd5 e4 32. Be2 f4 33. Bg4 Re8 34. Re1 Rd8 35. Qc4 f3 36. a3 Qg3 37. Rh1 Qxg4 38. Qxc5 Qe6 39. Qe3 Qc4 40. Re1 Rf8 41. b3 Qd5 42. Qf2 Qe5 43. Ka2 Ka8 44. Kb1 e3 0-1

[Event "5th EKA IIFL Investment 2019"]
[Site "Mumbai"]
[Date "2020.01.06"]
[Round "8.31"]
[White "Anuj Shrivatri"]
[Black "Sri Sai Baswanth P"]
[Result "1-0"]
[ECO "A43"]
[WhiteElo "2348"]
[BlackElo "2027"]
[Annotator "ChessBase"]
[PlyCount "49"]
[EventDate "2019.12.30"]
[EventType "swiss"]
[EventCountry "IND"]
[SourceTitle "playchess.com"]
[Source "ChessBase"]
[SourceQuality "1"]
[TimeControl "40/5400+30:1800+30"]

1. d4 Nf6 2. Nf3 c5 3. d5 e6 4. Nc3 exd5 5. Nxd5 Nxd5 6. Qxd5 Nc6 7. e4 Be7 8. Bc4 O-O 9. Qh5 d6 10. h4 Ne5 11. Nxe5 dxe5 12. Bg5 g6 13. Qh6 Bf6 14. Bxf6 Qxf6 15. h5 Rd8 16. Bd5 Re8 17. O-O-O Rb8 18. hxg6 hxg6 19. Qh7+ Kf8 20. Rd3 Be6 21. Rf3 Qg7 22. Bxe6 Rxe6 23. Qh8+ Qg8 24. Rh7 Re7 25. Rfh3 1-0

[Event "5th EKA IIFL Investment 2019"]
[Site "Mumbai"]
[Date "2020.01.06"]
[Round "8.32"]
[White "Fedorov, Alexei"]
[Black "Nikhil Magizhnan"]
[Result "1-0"]
[ECO "C00"]
[WhiteElo "2562"]
[BlackElo "2077"]
[Annotator "RC"]
[PlyCount "83"]
[EventDate "2019.12.30"]
[EventType "swiss"]
[EventCountry "IND"]
[SourceTitle "playchess.com"]
[Source "ChessBase"]
[SourceQuality "1"]
[TimeControl "40/5400+30:1800+30"]

1. e4 e6 2. Qe2 c5 3. f4 Nc6 4. Nf3 g6 5. g3 Bg7 6. c3 Nge7 7. Bg2 O-O 8. O-O d6 9. Na3 Rb8 10. Rd1 b5 11. Nxb5 Ba6 12. a4 Qa5 13. Ra3 Bxb5 14. axb5 Qxb5 15. d3 d5 16. e5 Na5 17. Be3 Nec6 18. Rb1 Rfd8 19. Bf2 Bf8 20. Ra2 Nb3 21. g4 Bg7 22. h4 Re8 23. Kh2 a5 24. h5 Rbc8 25. Bh3 Bh6 26. Bg3 Ne7 27. hxg6 hxg6 28. Kg2 Kf8 29. Rh1 Qb6 30. Qf2 Rc6 31. Bh4 Bxf4 32. Bg5 Nc1 33. Rxc1 Bxc1 34. Bxc1 Ng8 35. Ng5 Re7 36. Ra4 d4 37. c4 Rb7 38. Kg3 Rcc7 39. Bg2 Rb8 40. Be4 Ke8 41. Bd2 Qxb2 42. Rxa5 1-0

[Event "5th EKA IIFL Investment 2019"]
[Site "Mumbai"]
[Date "2020.01.06"]
[Round "8.33"]
[White "Souhardo Basak"]
[Black "Rios, Cristhian Camilo"]
[Result "0-1"]
[ECO "B43"]
[WhiteElo "2254"]
[BlackElo "2505"]
[Annotator "RC"]
[PlyCount "86"]
[EventDate "2019.12.30"]
[EventType "swiss"]
[EventCountry "IND"]
[SourceTitle "playchess.com"]
[Source "ChessBase"]
[SourceQuality "1"]
[TimeControl "40/5400+30:1800+30"]

1. e4 c5 2. Nf3 e6 3. d4 cxd4 4. Nxd4 a6 5. Nc3 Qc7 6. Bd3 Nf6 7. Qe2 d6 8. f4 Nc6 9. Nf3 b5 10. a3 Bb7 11. Bd2 b4 12. axb4 Nxb4 13. O-O Be7 14. Ra4 Nxd3 15. cxd3 Bc6 16. Ra2 O-O 17. Rfa1 Qb7 18. b4 Rfc8 19. Kh1 Ne8 20. Nd4 Bd7 21. b5 Nc7 22. bxa6 Rxa6 23. Rxa6 Nxa6 24. Rb1 Qc7 25. Ndb5 Bxb5 26. Rxb5 Bf6 27. e5 dxe5 28. fxe5 Be7 29. h3 Qd7 30. Ra5 Nc5 31. Ne4 Qxd3 32. Rxc5 Qb1+ 33. Rc1 Rxc1+ 34. Bxc1 Qxc1+ 35. Kh2 Qf4+ 36. Ng3 Bh4 37. Qf3 Bxg3+ 38. Qxg3 Qxg3+ 39. Kxg3 Kf8 40. Kf4 Ke7 41. g4 Kd7 42. Ke4 Kc6 43. Kd4 Kb5 0-1

[Event "5th EKA IIFL Investment 2019"]
[Site "Mumbai"]
[Date "2020.01.06"]
[Round "8.34"]
[White "Vasquez Schroeder, Rodrigo"]
[Black "Raahul V S"]
[Result "1/2-1/2"]
[ECO "D11"]
[WhiteElo "2487"]
[BlackElo "2252"]
[Annotator "RC"]
[PlyCount "80"]
[EventDate "2019.12.30"]
[EventType "swiss"]
[EventCountry "IND"]
[SourceTitle "playchess.com"]
[Source "ChessBase"]
[SourceQuality "1"]
[TimeControl "40/5400+30:1800+30"]

1. d4 d5 2. c4 c6 3. Nf3 Nf6 4. e3 e6 5. Bd3 Nbd7 6. O-O dxc4 7. Bxc4 Bd6 8. a3 O-O 9. Nc3 e5 10. Ba2 Qc7 11. h3 h6 12. Qc2 Re8 13. Rd1 Nf8 14. Ne4 Nxe4 15. Qxe4 Bd7 16. dxe5 Bxe5 17. Nxe5 Rxe5 18. Qf4 Be6 19. Bb1 Bb3 20. Re1 Qa5 21. Qb4 Rd8 22. Qxa5 Rxa5 23. Ba2 Rb5 24. e4 Ne6 25. Be3 Bxa2 26. Rxa2 Rb3 27. Kf1 c5 28. Ke2 Nd4+ 29. Bxd4 Rxd4 30. f3 Rbd3 31. Kf2 Rd2+ 32. Re2 Rd1 33. b3 b5 34. Rec2 Rb1 35. Rc3 a5 36. Ke3 Rd8 37. Rxc5 Rxb3+ 38. Kf4 a4 39. h4 Rdd3 40. h5 Rdc3 1/2-1/2

[Event "5th EKA IIFL Investment 2019"]
[Site "Mumbai"]
[Date "2020.01.06"]
[Round "8.35"]
[White "Vatsal Singhania"]
[Black "Konguvel, Ponnuswamy"]
[Result "1/2-1/2"]
[ECO "B84"]
[WhiteElo "2252"]
[BlackElo "2367"]
[Annotator "ChessBase"]
[PlyCount "90"]
[EventDate "2019.12.30"]
[EventType "swiss"]
[EventCountry "IND"]
[SourceTitle "playchess.com"]
[Source "ChessBase"]
[SourceQuality "1"]
[TimeControl "40/5400+30:1800+30"]

1. e4 c5 2. Nf3 d6 3. d4 cxd4 4. Nxd4 Nf6 5. Nc3 e6 6. Be2 a6 7. O-O Be7 8. f4 O-O 9. Be3 Nc6 10. a4 Qc7 11. Kh1 Bd7 12. Nb3 b6 13. g4 Bc8 14. g5 Nd7 15. Bf3 Re8 16. Bg2 Bf8 17. Rf3 Rb8 18. Rh3 g6 19. Qe1 Bg7 20. Qf2 Ne7 21. Rf1 f5 22. Bd4 e5 23. fxe5 dxe5 24. exf5 Nxf5 25. Bd5+ Kh8 26. Be3 Bb7 27. Qg2 Nf8 28. Bg1 Ne6 29. Bxb7 Qxb7 30. Qxb7 Rxb7 31. Ne4 Rc7 32. Rc3 Rxc3 33. bxc3 b5 34. axb5 axb5 35. Rb1 Bf8 36. Nbd2 Rb8 37. Nc4 Rd8 38. Nxe5 Rd5 39. Nd3 Be7 40. Nf6 Bxf6 41. gxf6 Kg8 42. Re1 Kf7 43. Rxe6 Rxd3 44. cxd3 Kxe6 45. Bc5 Ke5 1/2-1/2

[Event "5th EKA IIFL Investment 2019"]
[Site "Mumbai"]
[Date "2020.01.06"]
[Round "8.36"]
[White "Varun, V."]
[Black "Audi Ameya"]
[Result "1-0"]
[ECO "A45"]
[WhiteElo "2256"]
[BlackElo "2360"]
[Annotator "RC"]
[PlyCount "129"]
[EventDate "2019.12.30"]
[EventType "swiss"]
[EventCountry "IND"]
[SourceTitle "playchess.com"]
[Source "ChessBase"]
[SourceQuality "1"]
[TimeControl "40/5400+30:1800+30"]

1. d4 Nf6 2. Bf4 b6 3. e3 Bb7 4. Nf3 d6 5. h3 Nbd7 6. Be2 g6 7. O-O Bg7 8. a4 a6 9. c3 O-O 10. Nbd2 Re8 11. Bh2 e5 12. dxe5 dxe5 13. Nc4 Ne4 14. Nfd2 Nxd2 15. Qxd2 Qg5 16. f3 Nc5 17. Qc2 Bc6 18. b3 Qe7 19. e4 Ne6 20. Rfd1 Nf4 21. Bf1 Qg5 22. Kh1 Nh5 23. Qf2 Qf6 24. Ne3 Nf4 25. Bc4 Bf8 26. b4 b5 27. Bd5 h5 28. Bxc6 Qxc6 29. Bxf4 exf4 30. Nd5 bxa4 31. Qa2 Red8 32. Rd4 Rab8 33. Rc4 Qe6 34. Rxc7 a5 35. Qxa4 axb4 36. cxb4 Qe5 37. Rac1 Bd6 38. R7c6 Ra8 39. Qc2 Rdb8 40. Nb6 Rxb6 41. Rxb6 Ra1 42. Rd1 Be7 43. Rb7 Qd4 44. Rd7 Rxd1+ 45. Qxd1 Qxb4 46. Rc7 Bc5 47. Rd7 Qc3 48. Rd3 Qb2 49. Rd2 Qa3 50. Qb1 Bb4 51. Rd3 Qa5 52. Qc1 Qg5 53. Rd5 Qh4 54. Rb5 Be7 55. e5 Kg7 56. Rb8 Kh7 57. Qa1 Kg7 58. Rc8 Kh7 59. Qc1 Ba3 60. Qd2 Bb2 61. Rc7 Kg8 62. Qe2 Qd8 63. Qc4 Kg7 64. Qxf7+ Kh6 65. Qxf4+ 1-0

[Event "5th EKA IIFL Investment 2019"]
[Site "Mumbai"]
[Date "2020.01.06"]
[Round "8.37"]
[White "Kaustuv, Kundu"]
[Black "Wagh Suyog"]
[Result "1/2-1/2"]
[ECO "A30"]
[WhiteElo "2349"]
[BlackElo "2219"]
[Annotator "RC"]
[PlyCount "106"]
[EventDate "2019.12.30"]
[EventType "swiss"]
[EventCountry "IND"]
[SourceTitle "playchess.com"]
[Source "ChessBase"]
[SourceQuality "1"]
[TimeControl "40/5400+30:1800+30"]

1. Nf3 c5 2. c4 b6 3. g3 Bb7 4. Bg2 Nf6 5. O-O e6 6. Nc3 Be7 7. d4 cxd4 8. Qxd4 d6 9. Rd1 a6 10. b3 Nbd7 11. Bb2 O-O 12. e4 Qc7 13. Qe3 Rac8 14. Nd4 Rfe8 15. h3 Bf8 16. Re1 Qb8 17. Rad1 Rcd8 18. Qe2 Qa8 19. Kh2 Qb8 20. Nc2 g6 21. Ne3 Bg7 22. b4 h5 23. Kg1 h4 24. g4 g5 25. Qc2 Ne5 26. Na4 Bc6 27. Bd4 Nfd7 28. Nc3 Ng6 29. Bxg7 Kxg7 30. b5 Bb7 31. Qb2 Nde5 32. Rd4 axb5 33. Nxb5 Bc6 34. Red1 Bxb5 35. cxb5 f6 36. Qb4 Nf4 37. Rxd6 Rxd6 38. Qxd6 Qa7 39. a3 Rc8 40. Kh2 Qb7 41. Rd4 Nf7 42. Qb4 Ne5 43. Qd6 Kf7 44. a4 Qc7 45. Qxc7+ Rxc7 46. Rd6 Rb7 47. Rd8 Ke7 48. Rh8 Ra7 49. Nc4 Rxa4 50. Rh7+ Nf7 51. Nxb6 Rd4 52. e5 fxe5 53. Bc6 Rd2 1/2-1/2

[Event "5th EKA IIFL Investment 2019"]
[Site "Mumbai"]
[Date "2020.01.06"]
[Round "8.41"]
[White "Kulkarni, Vinayak"]
[Black "Senthil, Maran K"]
[Result "1-0"]
[ECO "D45"]
[WhiteElo "2167"]
[BlackElo "2305"]
[Annotator "ChessBase"]
[PlyCount "65"]
[EventDate "2019.12.30"]
[EventType "swiss"]
[EventCountry "IND"]
[SourceTitle "playchess.com"]
[Source "ChessBase"]
[SourceQuality "1"]
[TimeControl "40/5400+30:1800+30"]

1. d4 d5 2. c4 c6 3. Nc3 Nf6 4. e3 e6 5. Nf3 Nbd7 6. Qc2 Bd6 7. b3 O-O 8. Be2 b6 9. O-O Bb7 10. Bb2 Qe7 11. Rad1 Rad8 12. Rfe1 Rfe8 13. Bf1 e5 14. dxe5 Nxe5 15. Nd4 dxc4 16. Nf5 Qe6 17. Rxd6 Rxd6 18. Nxd6 Qxd6 19. Rd1 cxb3 20. axb3 Qe7 21. Ne4 Nd5 22. Ng3 g6 23. Qd2 Qb4 24. Qxb4 Nxb4 25. Ne4 Ng4 26. h3 Nh6 27. Nf6+ Kf8 28. Nxe8 Kxe8 29. e4 Ke7 30. Bc1 Ng8 31. Bc4 Bc8 32. Bg5+ f6 33. Bf4 1-0

[Event "5th EKA IIFL Investment 2019"]
[Site "Mumbai"]
[Date "2020.01.06"]
[Round "8.42"]
[White "Kavinda, Akila"]
[Black "Vantika Agrawal"]
[Result "1/2-1/2"]
[ECO "A05"]
[WhiteElo "2022"]
[BlackElo "2287"]
[Annotator "RC"]
[PlyCount "158"]
[EventDate "2019.12.30"]
[EventType "swiss"]
[EventCountry "IND"]
[SourceTitle "playchess.com"]
[Source "ChessBase"]
[SourceQuality "1"]
[TimeControl "40/5400+30:1800+30"]

1. Nf3 Nf6 2. g3 g6 3. Bg2 Bg7 4. O-O O-O 5. d4 d6 6. b3 e5 7. dxe5 dxe5 8. Ba3 Qxd1 9. Rxd1 Re8 10. Nc3 e4 11. Nd4 a6 12. Na4 Nbd7 13. c4 e3 14. f3 Nf8 15. Rac1 Ne6 16. Nxe6 Bxe6 17. Nc5 Bc8 18. Bb2 b6 19. f4 Rb8 20. Bxf6 Bxf6 21. Nd7 Bxd7 22. Rxd7 Rbd8 23. Rxc7 Rd2 24. Kf1 Rxa2 25. Bd5 Re7 26. Rc8+ Kg7 27. c5 bxc5 28. R1xc5 Ra1+ 29. Kg2 Ra2 30. Bc4 Ra3 31. R5c7 a5 32. Rxe7 Bxe7 33. Rc7 Kf8 34. Ra7 h5 35. Kf3 Ra1 36. Ra8+ Kg7 37. Kg2 h4 38. Ra7 Kf8 39. g4 f5 40. g5 Rd1 41. Rxa5 Rd4 42. Ra8+ Kg7 43. Ra7 Kf8 44. Ra8+ Kg7 45. Re8 Bc5 46. Rg8+ Kh7 47. Rc8 Ba3 48. Ra8 Bc5 49. Ra4 Kg7 50. Bd3 Rxa4 51. bxa4 Bb4 52. h3 Ba5 53. Kf3 Bd2 54. Bc4 Kf8 55. Bb5 Kf7 56. Bc6 Kf8 57. a5 Bxa5 58. Kxe3 Bc7 59. Kf3 Kg7 60. e4 fxe4+ 61. Bxe4 Ba5 62. Kg4 Be1 63. Bb1 Bf2 64. Bc2 Be1 65. Ba4 Bf2 66. Bb5 Be1 67. Bc6 Bf2 68. Bd7 Be1 69. Bc8 Bf2 70. Bb7 Be1 71. Ba6 Bf2 72. Bd3 Be1 73. Bxg6 Kxg6 74. f5+ Kg7 75. Kh5 Bf2 76. g6 Kf6 77. Kh6 Bd4 78. Kh5 Kxf5 79. Kxh4 Kxg6 1/2-1/2